 Dungeon Crawl Stone Soup version 0.29.1-4-g47bece8355 (webtiles) character file.

Game seed: 10328196032602580720

2029 fleeber the Fighter (level 9, -1/78 HPs)
             Began as a Barachi Hunter on Dec 5, 2022.
             Shot with a bolt by an orc warrior (19 damage)
             ... on level 6 of the Dungeon.
             The game lasted 00:15:53 (4098 turns).

fleeber the Fighter (Barachi Hunter)                Turns: 4098, Time: 00:15:53

Health: -1/78      AC:  6    Str: 12    XL:     9   Next: 23%
Magic:  18/18      EV:  9    Int:  9    God:
Gold:   313        SH:  0    Dex: 21    Spells: 8/8 levels left

rFire   + . .      SeeInvis .   z - +0 shortbow (vorpal)
rCold   . . .      Faith    .   (shield currently unavailable)
rNeg    + . .      Spirit   .   o - +0 scale mail
rPois   +          Reflect  .   (no helmet)
rElec   .          Harm     .   (no cloak)
rCorr   .          Rampage  .   (no gloves)
Will    .....                   (no boots)
Stlth   +.........              d - amulet of regeneration
HPRegen 1.03/turn               a - ring "Yshenwuf" {rF+ rN+ MP+9}
MPRegen 0.16/turn               k - ring of poison resistance

@: slow
A: amphibious, slowness 1, strong legs 1, +LOS
a: Hop


You were on level 6 of the Dungeon.
You visited 2 branches of the dungeon, and saw 7 of its levels.

You collected 313 gold pieces.

Inventory:

Hand Weapons
 z - a +0 vorpal shortbow (weapon)
Armour
 o - a +0 scale mail (worn)
Jewellery
 a - the ring "Yshenwuf" (left hand) {rF+ rN+ MP+9}
   (You found it on level 5 of the Dungeon)

   [ring of magical power]

   rF:        It protects you from fire.
   rN:        It protects you from negative energy.
   MP:        It affects your magic capacity (+9).
 c - a +4 ring of protection
 d - an amulet of regeneration (around neck)
 k - a ring of poison resistance (right hand)
 p - a ring of positive energy
 q - a ring of see invisible
 s - a ring of protection from fire
Wands
 v - a wand of charming (8)
 x - a wand of flame (28)
 H - a wand of roots (11)
Scrolls
 b - 4 scrolls of immolation
 e - 2 scrolls of teleportation {unknown}
 f - 4 scrolls of amnesia {unknown}
 j - a scroll of enchant armour {unknown}
 m - 2 scrolls of magic mapping {unknown}
 r - 2 scrolls of identify {unknown}
 t - 2 scrolls of enchant weapon {unknown}
 y - a scroll of noise {unknown}
 C - a scroll of brand weapon {unknown}
 D - a scroll of silence {unknown}
 F - a scroll of vulnerability {unknown}
Potions
 g - 2 potions of haste {unknown}
 h - 2 potions of magic {unknown}
 i - 4 potions of curing
 l - a potion of ambrosia {unknown}
 n - a potion of brilliance {unknown}
 u - 2 potions of flight {unknown}
 w - a potion of lignification {unknown}
 A - a potion of mutation {unknown}
 B - a potion of heal wounds {unknown}
 E - a potion of degeneration {unknown}
 G - a potion of invisibility


   Skills:
 + Level 10.3 Fighting
 + Level 9.3 Ranged Weapons
 - Level 2.1 Dodging
 - Level 0.8 Stealth


You had 8 spell levels left.
You didn't know any spells.
Your spell library contained the following spells:

 Spells                   Type           Power      Damage    Failure   Level
 Frozen Ramparts          Ice            0%         1d1       100%        3
 Ice Form                 Ice/Tmut       0%         N/A       100%        4
 Summon Ice Beast         Ice/Summ       0%         N/A       100%        4


Dungeon Overview and Level Annotations

Branches:
Dungeon (6/15)             Temple (1/1) D:5

Altars:
Ashenzari
Dithmenos
Elyvilon
Fedhas
Gozag
Hepliaklqana
Kikubaaqudgha
Makhleb
Nemelex Xobeh
Okawaru
Qazlal
Ru
Sif Muna
Trog
Uskayaw
Vehumet
Wu Jian
Xom
Yredelemnul
Zin
The Shining One

Annotations:
D:5 4 runed translucent doors


Innate Abilities, Weirdness & Mutations

You are amphibious.
You cover ground slowly.
You can hop short distances.
You have an extended range of vision and can be seen from far away.


Message History

The orc warrior shoots a bolt.
The bolt hits you!
You shoot an arrow.
The arrow hits the orc warrior but does no damage.
The orc warrior is heavily wounded.
The orc warrior shoots a bolt.
The bolt misses you.
The orc priest miscasts a cantrip.
The orc warrior shoots a bolt.
The bolt barely misses you.
You shoot an arrow.
The arrow hits the orc warrior but does no damage.
The orc warrior is heavily wounded.
The orc priest miscasts a cantrip.
You shoot an arrow.
The arrow closely misses the orc warrior.
The orc priest calls upon Beogh to heal the orc warrior.
The orc warrior is healed somewhat.
The orc warrior shoots a bolt.
The bolt hits you.
You shoot an arrow.
The arrow barely misses the orc warrior.
The orc warrior shoots a bolt.
The bolt hits you.
The orc warrior shoots a bolt.
The bolt hits you!
You are too injured to fight recklessly!
You are too injured to fight recklessly!
You are too injured to fight recklessly!
Aiming: Fastroot
Press: ? - help, Shift-Dir - straight line, f/p - orc warrior
Aim: an orc warrior, wielding a +0 arbalest and wearing a +0 plate armour (moderately wounded)
The roots erupt in riotous growth!
Roots grab the orc warrior.
Roots grab the orc priest.
The grasping roots constrict the orc warrior.
The grasping roots constrict the orc priest.
The orc priest looks braver for a moment.
The orc warrior shoots a bolt.
The bolt hits you!
The grasping roots constrict the orc warrior.
The grasping roots constrict the orc priest.
The roots release their grip on the orc warrior.
The roots release their grip on the orc priest.
The orc warrior shoots a bolt.
The bolt hits you!!
* * * LOW HITPOINT WARNING * * *
The orc warrior shoots a bolt.
The bolt hits you!!
You die...

##...............))......#
#....°≈.≈≈....##...#..#.##
#.#..≈≈.§≈....##..##......
##.#..≈§_≈≈.......###....#.
#.....≈§☼≈°....#..###....#.
#.###.≈§°≈°☼).........##.#.
#.# #...°°°..#.....#######.
#.###.###..###.............
#......###@###.....######..
#####......#...............
#..o#....#.....#######.
###.######.....# #. #....#
#.....# .. ####o# #######
oo .# ..


You could see an orc warrior.

Vanquished Creatures
  Pikel (D:5)
  Grinder (D:3)
  Menkaure (D:5)
  3 ogres
  3 centaurs
  A kobold brigand (D:5)
  A phantom (D:6)
  A bullfrog (D:6)
  2 scorpions
  A wight (D:5)
  A howler monkey (D:5)
  3 hounds
  An orc priest (D:6)
  Jessica (D:3)
  2 iguanas
  An orc wizard (D:6)
  12 adders
  2 dart slugs (D:3)
  17 orcs
  5 bats
  11 endoplasms
  A giant cockroach (D:1)
  8 goblins
  5 hobgoblins
  3 jackals (D:1)
  9 quokkas
  4 ball pythons
  A frilled lizard (D:1)
  6 kobolds
  3 rats
111 creatures vanquished.

Vanquished Creatures (collateral kills)
  A scorpion (D:5)
  A jelly (D:5)
  3 orcs (D:5)
5 creatures vanquished.

Vanquished Creatures (others)
  An orc (D:5)
1 creature vanquished.

Grand Total: 117 creatures vanquished

Notes
Turn   | Place    | Note
-------+----------+-------------------------------------------
     0 | D:1      | fleeber the Barachi Hunter began the quest for the Orb.
     0 | D:1      | Reached XP level 1. HP: 17/17 MP: 1/1
    59 | D:1      | Reached XP level 2. HP: 23/23 MP: 2/2
   111 | D:1      | Reached skill level 3 in Fighting
   221 | D:1      | Reached XP level 3. HP: 29/29 MP: 3/3
   602 | D:2      | Found a faded altar of an unknown god.
   933 | D:2      | Reached skill level 4 in Fighting
   933 | D:2      | Reached XP level 4. HP: 37/37 MP: 4/4
  1428 | D:3      | Reached skill level 5 in Ranged Weapons
  1579 | D:3      | Noticed Jessica
  1581 | D:3      | Killed Jessica
  1582 | D:3      | Reached XP level 5. HP: 43/43 MP: 5/5
  1600 | D:3      | Noticed Grinder
  1605 | D:3      | Paralysed by Grinder for 4 turns
  1612 | D:3      | Paralysed by Grinder for 2 turns
  1616 | D:3      | Paralysed by Grinder for 2 turns
  1618 | D:3      | Killed Grinder
  1619 | D:3      | Reached skill level 5 in Fighting
  1619 | D:3      | Reached XP level 6. HP: 41/52 MP: 6/6
  1964 | D:4      | Reached skill level 6 in Fighting
  2029 | D:4      | Reached XP level 7. HP: 43/59 MP: 7/7
  2264 | D:4      | Found a white marble altar of Elyvilon.
  2284 | D:4      | Found a hide-covered altar of Uskayaw.
  2454 | D:4      | Reached skill level 7 in Fighting
  2511 | D:5      | Entered Level 5 of the Dungeon
  2597 | D:5      | Noticed Pikel
  2619 | D:5      | Found a sacrificial altar of Ru.
  2649 | D:5      | Killed Pikel
  2650 | D:5      | Reached skill level 8 in Fighting
  2650 | D:5      | Reached XP level 8. HP: 69/69 MP: 8/8
  2669 | D:5      | Found a staircase to the Ecumenical Temple.
  2679 | Temple   | Entered the Ecumenical Temple
  2831 | D:5      | Noticed Menkaure
  2837 | D:5      | Killed Menkaure
  2939 | D:5      | Found a broken altar of Ashenzari.
  2984 | D:5      | Found a large runed translucent door.
  2987 | D:5      | Found a large runed translucent door.
  2987 | D:5      | Noticed a wyvern
  3007 | D:5      | Reached skill level 9 in Fighting
  3097 | D:5      | Identified the ring "Yshenwuf" {rF+ rN+ MP+9}
  3114 | D:5      | Found a large runed translucent door.
  3114 | D:5      | Found a large runed translucent door.
  3307 | D:5      | Identified the +2 broad axe of the Enchanting Saviour
                  | {elec, Str+2 Stlth+}
  3366 | D:5      | Found a radiant altar of Vehumet.
  3700 | D:6      | Reached XP level 9. HP: 78/78 MP: 9/9
  3711 | D:6      | Found a shimmering blue altar of Sif Muna.
  3779 | D:6      | Reached skill level 10 in Fighting
  3996 | D:6      | Found a basalt altar of Yredelemnul.
  4098 | D:6      | Shot with a bolt by an orc warrior

Illustrated notes

Levels and vault maps discovered:
D:1:      dpeg_arrival_long_road, layout_basic, hangedman_decor_points,
          minmay_small_reverse_x
D:2:      layout_loops_corners, ebering_ecumenical_altar_mist
D:3:      layout_basic, serial_glass, glass_columns_a, glass_columns_b,
          uniq_grinder, uniq_jessica
D:4:      layout_basic, mainiacjoe_overflow_catwalk_spiral
D:5:      layout_gridville, nicolae_overflow_hidden_temple,
          minmay_temple_entry_tees, minmay_hollow_rounded_squares, uniq_pikel,
          uniq_menkaure
D:6:      layout_rooms, yredelemnul_altar_generic, nicolae_sif_muna_condensation
Temple:   nicolae_temple_superstar

Skill      XL: |  1  2  3  4  5  6  7  8  9 |
---------------+----------------------------+-----
Fighting       | 3 4 5 6 8 9 10 | 10.3
Ranged Weapons | 5 6 7 8 9 |  9.3
Dodging        | |  2.1
Stealth        | |  0.8

Action                   |  1- 3 |  4- 6 |  7- 9 || total
-------------------------+-------+-------+-------++-------
 Fire: Shortbow          |    90 |    94 |   237 ||   421
 Abil: Hop               |       |       |     1 ||     1
Evoke: Wand              |       |       |     3 ||     3
  Use: Potion            |       |       |     2 ||     2
Armor: Leather armour    |     8 |     7 |       ||    15
       Scale mail        |       |    19 |    90 ||   109
Dodge: Dodged            |    17 |    36 |    92 ||   145
